 Dungeon Crawl Stone Soup version 0.26-b1-45-g23770d1d51 (webtiles) character file.

Game seed: 15306924766709752448

686 snetch the Chopper (level 7, -2/93 HPs)
             Began as a Minotaur Berserker on Jan 6, 2021.
             Was a Priest of Trog.
             Slain by a gnoll
             ... wielding a +0 halberd
              (7 damage)
             ... on level 6 of the Dungeon.
             The game lasted 00:08:59 (4102 turns).

snetch the Chopper (Minotaur Berserker)             Turns: 4102, Time: 00:09:00

Health: -2/93      AC:  4    Str: 24    XL:     7   Next: 35%
Magic:  6/6        EV: 12    Int:  4    God:    Trog [***...]
Gold:   253        SH:  0    Dex:  5    Spells: 6/6 levels left

rFire    + . .     SeeInvis .   a - +2 hand axe (drain)
rCold    . . .     Faith    .   (no shield)
rNeg     . . .     Spirit   .   C - +0 leather armour {rPois}
rPois    +         Reflect  .   H - +0 hat
rElec    .         Harm     .   (no cloak)
rCorr    .         Rampage  .   (no gloves)
Will     ++...                  c - +0 pair of boots
Stlth    ..........             (no amulet)
HPRegen  1.25/turn              w - ring of protection from fire
MPRegen  0.10/turn              s - -4 ring of dexterity (curse)

@: berserking (expiring), marked, regenerating, slowed
A: retaliatory headbutt, horns 2
a: Renounce Religion, Berserk, Trog's Hand


You were on level 6 of the Dungeon.
You worshipped Trog.
Trog was most pleased with you.
You visited 2 branches of the dungeon, and saw 7 of its levels.

You collected 253 gold pieces.

Inventory:

Hand Weapons
 a - a +2 hand axe of draining (weapon)
 D - a +0 quarterstaff
 K - a +0 trident
 L - a +0 flail
 N - a +0 hand axe of venom
Missiles
 b - 23 sling bullets
 d - 71 arrows
 h - 178 stones
 i - 2 javelins
 z - 5 boomerangs
 I - 8 bolts
Armour
 c - a +0 pair of boots (worn)
 B - a +0 chain mail
 C - a +0 leather armour of poison resistance (worn)
 H - a +0 hat (worn)
 J - a +0 scale mail
 M - a +0 chain mail
Jewellery
 k - an uncursed ring of ice
 s - a cursed -4 ring of dexterity (right hand)
 u - an uncursed ring of wizardry
 w - a ring of protection from fire (left hand)
Wands
 y - a wand of flame (17)
 G - a wand of polymorph (8)
Scrolls
 e - 4 scrolls of remove curse {unknown}
 f - a scroll of immolation {unknown}
 g - 4 scrolls of identify {unknown}
 m - 2 scrolls of amnesia {unknown}
 q - a scroll of blinking {unknown}
 r - 2 scrolls of teleportation {unknown}
 v - 2 scrolls of enchant weapon {unknown}
Potions
 j - 3 potions of haste {unknown}
 l - a potion of degeneration {unknown}
 n - a potion of magic {unknown}
 o - 3 potions of brilliance {unknown}
 p - 2 potions of heal wounds {unknown}
 t - 2 potions of might {unknown}
 x - a potion of lignification {unknown}
 A - 5 potions of ambrosia {unknown}
 E - a potion of invisibility {unknown}
 F - a potion of cancellation {unknown}
 O - a potion of resistance {unknown}


   Skills:
 + Level 5.7 Fighting
 + Level 7.5 Axes
 + Level 3.9 Armour
 + Level 3.8 Dodging
 + Level 1.9 Stealth


You had 6 spell levels left.
You didn't know any spells.
Your spell library contained the following spells:

 Spells                   Type           Power        Failure   Level
 Animate Skeleton         Necr           0%           54%         1
 Apportation              Tloc           0%           54%         1
 Corona                   Hex            0%           54%         1
 Summon Small Mammal      Summ           0%           54%         1


Dungeon Overview and Level Annotations

Branches:
Dungeon (6/15)             Temple (1/1) D:4

Altars:
Cheibriados
Dithmenos
Elyvilon
Fedhas
Gozag
Hepliaklqana
Makhleb
Nemelex Xobeh
Okawaru
Qazlal
Ru
Vehumet
Wu Jian
Xom
Zin
The Shining One


Innate Abilities, Weirdness & Mutations

You reflexively headbutt those who attack you in melee.
You have a pair of horns on your head.


Message History

You headbutt the gnoll sergeant!!
The gnoll hits you from afar with a +0 halberd!
* * * LOW HITPOINT WARNING * * *
The howler monkey moves out of view.
Things that are here:
a +0 flail; an orc corpse You closely miss the gnoll sergeant.
Your headbutt misses the gnoll sergeant.
The gnoll sergeant is severely wounded.
The gnoll sergeant hits you with a +0 spear!
* * * LOW HITPOINT WARNING * * *
The gnoll sergeant blocks your attack.
The gnoll sergeant is severely wounded.
The gnoll misses you.
The gnoll sergeant hits you with a +0 spear.
* * * LOW HITPOINT WARNING * * *
The gnoll sergeant blocks your attack. x2
The gnoll sergeant is severely wounded.
The gnoll hits you from afar with a +0 halberd!
You die...

............ .....
.........#.# #..#.# ..#
.........#.###..#.# ..#
.........#......#.# ...#
######'#.#........#....#
######.#.##.......#...
.......#.............. #
...###########)##.##...#
................@......#
........#....#.##g###..#
##......#....#.# g#
#......#... #.# gg
########### ### B.. ....
..... ..##..


You could see a gnoll sergeant, a worker ant and 3 gnolls.

Vanquished Creatures
  2 ogres
  3 hounds
  3 orc priests
  A jelly (D:5)
  2 iguanas (D:5)
  2 orc wizards
  A worker ant (D:5)
  4 gnolls
  6 adders
  An ooze (D:3)
  2 adder skeletons (D:4)
  A worm (D:2)
  2 dart slugs (D:3)
  2 leopard geckos
  12 orcs
  3 bats
  7 giant cockroaches
  4 goblins
  9 hobgoblins
  3 kobolds
  3 quokkas
  A ball python (D:3)
  2 frilled lizards
  9 rats
85 creatures vanquished.

Notes
Turn   | Place    | Note
-------+----------+-------------------------------------------
     0 | D:1      | snetch the Minotaur Berserker began the quest for the Orb.
     0 | D:1      | Reached XP level 1. HP: 19/19 MP: 0/0
   381 | D:1      | Reached skill level 4 in Axes
   381 | D:1      | Reached XP level 2. HP: 19/27 MP: 1/1
   395 | D:2      | Reached XP level 3. HP: 23/33 MP: 2/2
   929 | D:3      | Found a snail-covered altar of Cheibriados.
  1122 | D:3      | Reached ** piety under Trog
  1143 | D:3      | Reached XP level 4. HP: 24/41 MP: 3/3
  1418 | D:2      | Reached skill level 5 in Axes
  2243 | D:4      | Found a staircase to the Ecumenical Temple.
  2653 | Temple   | Entered the Ecumenical Temple
  2811 | D:4      | Found a sacrificial altar of Ru.
  2950 | D:4      | Noticed an ogre
  2956 | D:4      | Killed an ogre
  2957 | D:4      | Reached skill level 6 in Axes
  2957 | D:4      | Reached XP level 5. HP: 39/47 MP: 4/4
  3020 | D:4      | Reached skill level 5 in Fighting
  3020 | D:4      | Reached skill level 1 in Stealth
  3214 | D:4      | Reached XP level 6. HP: 37/56 MP: 5/5
  3354 | D:5      | Entered Level 5 of the Dungeon
  3914 | D:5      | Reached skill level 7 in Axes
  4011 | D:5      | Reached *** piety under Trog
  4017 | D:5      | Reached XP level 7. HP: 56/61 MP: 6/6
  4101 | D:6      | HP: 4/93 [gnoll sergeant/+0 spear (3)]
  4102 | D:6      | Slain by a gnoll

Illustrated notes

Levels and vault maps discovered:
D:1:      psy_arrival_whirlpool, layout_basic
D:2:      layout_basic
D:3:      layout_loops_cross, kennysheep_slug_shrine,
          hangedman_decor_clover_reticule
D:4:      layout_loops_ring, nicolae_ru_the_path_less_chosen,
          minmay_temple_entry_sparse_star
D:5:      layout_basic
D:6:      layout_basic, nicolae_overflow_crystal_walls, uniq_crazy_yiuf_cottage
Temple:   eino_temple_water

Skill      XL: |  1  2  3  4  5  6 |
---------------+-------------------+-----
Fighting       | 4 5 |  5.7
Axes           | 4 6 7 |  7.5
Armour         | 3 |  3.9
Dodging        | 3 |  3.8
Stealth        | 1 |  1.9

Action                   |  1- 3 |  4- 6 |  7- 9 || total
-------------------------+-------+-------+-------++-------
Melee: Hand axe          |    69 |   114 |    15 ||   198
       Headbutt          |    10 |    11 |     1 ||    22
Invok: Berserk           |       |       |     1 ||     1
       Trog's Hand       |       |       |     1 ||     1
 Stab: Sleeping          |       |     1 |       ||     1
Armor: Animal skin       |    16 |    11 |       ||    27
       Leather armour    |       |    12 |     3 ||    15
       Chain mail        |       |     1 |       ||     1
Dodge: Dodged            |    43 |    67 |    20 ||   130
